HSSL
NEWPORT NEWS HS PAINTS @ DUBLIN JEROME HS CELTICS
04/08/2030
 
TOP OF THE 1ST
Newport News HS Paints batting - Pitching for Dublin Jerome HS Celtics : RHP Frédéryk Santerre
Pitching: RHP Frédéryk Santerre
Batting: RHB Pedro Granados 0-0: Ball
1-0: Ball
2-0: Called Strike
2-1: SOLO HOME RUN (Flyball, 7LD), Distance : 339 ft
Batting: RHB James Calderón 0-0: Called Strike
0-1: Ball
1-1: Ground out 4-3 (Groundball, 4M)
Batting: RHB Steve Cooper 0-0: Ball
1-0: Ball
2-0: Ball
3-0: Base on Balls
Batting: SHB Carlos Matos 0-0: Ball
1-0: SINGLE (Line Drive, 6M)
Steve Cooper to second
Batting: RHB Pete Clark 0-0: Called Strike
0-1: Ball
1-1: Called Strike
1-2: Ball
2-2: Foul Ball, location: 2F
2-2: Strikes out looking
Batting: SHB Augusto Guerrero 0-0: Called Strike
0-1: Called Strike
0-2: Strikes out swinging
Top of the 1st over - 1 run, 2 hits, 0 errors, 2 left on base; Newport News HS 1 - Dublin Jerome HS 0
BOTTOM OF THE 1ST
Dublin Jerome HS Celtics batting - Pitching for Newport News HS Paints : LHP Patrick Harris
Pitching: LHP Patrick Harris
Batting: LHB David O'Neal 0-0: Ball
1-0: Ball
2-0: Foul Ball, location: 2F
2-1: Called Strike
2-2: Ball
3-2: Foul Ball, location: 2F
3-2: Base on Balls
Batting: RHB Lyndon Armstrong 0-0: Ball
David O'Neal is caught stealing 2nd base
1-0: Called Strike
1-1: Ball
2-1: Swinging Strike
2-2: Ball
3-2: SOLO HOME RUN (Flyball, 78XD), Distance : 423 ft
Batting: SHB Peter Young 0-0: Called Strike
0-1: Called Strike
0-2: Fly out, F8 (Line Drive, 8RS)
Batting: RHB Ed Albert 0-0: Ball
1-0: Fly out, F8 (Flyball, 8RM)
Bottom of the 1st over - 1 run, 1 hit, 0 errors, 0 left on base; Newport News HS 1 - Dublin Jerome HS 1
TOP OF THE 2ND
Newport News HS Paints batting - Pitching for Dublin Jerome HS Celtics : RHP Frédéryk Santerre
Batting: LHB Juan Ángel 0-0: Foul Ball, location: 2F
0-1: Swinging Strike
0-2: Ball
1-2: Ball
2-2: Foul Ball, location: 2F
2-2: Strikes out swinging
Batting: RHB Lee Boswell 0-0: Ball
1-0: Called Strike
1-1: Swinging Strike
1-2: Ball
2-2: Strikes out looking
Batting: SHB Francisco Reyes 0-0: Foul Ball, location: 2F
0-1: Ball
1-1: SOLO HOME RUN (Flyball, 89XD), Distance : 426 ft
Batting: RHB Pedro Granados 0-0: Ball
1-0: Called Strike
1-1: Ball
2-1: Foul Ball, location: 2F
2-2: Ground out 4-3 (Groundball, 4)
Top of the 2nd over - 1 run, 1 hit, 0 errors, 0 left on base; Newport News HS 2 - Dublin Jerome HS 1
BOTTOM OF THE 2ND
Dublin Jerome HS Celtics batting - Pitching for Newport News HS Paints : LHP Patrick Harris
Batting: LHB Christian Maddox 0-0: Ball
1-0: Called Strike
1-1: Foul Ball, location: 2F
1-2: Ball
2-2: SINGLE (Groundball, 4MD)
Batting: RHB Richard Bryant 0-0: Ball
1-0: SINGLE (Flyball, 9LS)
Christian Maddox to second
Runner from 2nd tries for 3rd, SAFE, no throw
Batting: SHB Wilson Cantú 0-0: Ball
1-0: Ball
2-0: Foul Ball, location: 2F
2-1: Called Strike
2-2: Foul Ball, location: 2F
2-2: Ball
3-2: Base on Balls
Richard Bryant to second
Batting: LHB Ramón Costello 0-0: Foul Ball, location: 2F
0-1: Ball
1-1: Called Strike
1-2: Foul Ball, location: 2F
1-2: Fly out, F9 (Flyball, 9LSF)
Runner from 3rd tags up, SCORES, no throw
Batting: LHB Fred Anderson 0-0: Called Strike
0-1: Ball
1-1: Fielders Choice at 2nd, 1-6 (Groundball, 13S)
Richard Bryant to third
Batting: LHB David O'Neal 0-0: Ball
1-0: Foul Ball, location: 2F
1-1: Ball
2-1: Ball
3-1: Called Strike
3-2: Foul Ball, location: 2F
3-2: Fly out, F9 (Flyball, 9S)
Bottom of the 2nd over - 1 run, 2 hits, 0 errors, 2 left on base; Newport News HS 2 - Dublin Jerome HS 2
TOP OF THE 3RD
Newport News HS Paints batting - Pitching for Dublin Jerome HS Celtics : RHP Frédéryk Santerre
Batting: RHB James Calderón 0-0: Ball
1-0: Ball
2-0: SINGLE (Line Drive, 9)
Batting: RHB Steve Cooper 0-0: Called Strike
0-1: Reached on error, E5 (Groundball, 5)
James Calderón to second
Batting: SHB Carlos Matos 0-0: Ball
1-0: SINGLE (Groundball, 4) (infield hit)
James Calderón to third
Steve Cooper to second
Batting: RHB Pete Clark 0-0: Ball
1-0: Called Strike
1-1: Ball
2-1: SINGLE (Groundball, 56D)
James Calderón scores
Steve Cooper to third
Carlos Matos to second
Runner from 3rd tries for Home, SAFE, no throw
Batting: SHB Augusto Guerrero 0-0: Called Strike
0-1: Ball
1-1: Called Strike
1-2: SINGLE (Groundball, 3D)
Carlos Matos to third
Pete Clark to second
Batting: LHB Juan Ángel 0-0: Called Strike
0-1: Ball
1-1: Ball
2-1: Ball
3-1: Base on Balls
Carlos Matos scores
Pete Clark to third
Augusto Guerrero to second
Batting: RHB Lee Boswell 0-0: Ball
1-0: Fly out, F7 (Flyball, 78S)
Batting: SHB Francisco Reyes 0-0: Ball
1-0: Foul Ball, location: 2F
1-1: Fielders Choice at 2nd, 6-4 (Groundball, 6)
Pete Clark scores
Augusto Guerrero to third
Batting: RHB Pedro Granados 0-0: Ball
1-0: Swinging Strike
1-1: Foul Ball, location: 2F
1-2: Ball
2-2: Ball
3-2: Strikes out swinging
Top of the 3rd over - 4 runs, 4 hits, 1 error, 2 left on base; Newport News HS 6 - Dublin Jerome HS 2
BOTTOM OF THE 3RD
Dublin Jerome HS Celtics batting - Pitching for Newport News HS Paints : LHP Patrick Harris
Batting: RHB Lyndon Armstrong 0-0: Ball
1-0: Ball
2-0: Called Strike
2-1: Ball
3-1: Base on Balls
Batting: SHB Peter Young 0-0: Ball
1-0: Fly out, F5 (Flyball, 56D)
Batting: RHB Ed Albert 0-0: Called Strike
Lyndon Armstrong steals 2nd base
0-1: Ball
Lyndon Armstrong steals 3rd base
1-1: Foul Ball, location: 2F
1-2: Fly out, F9 (Flyball, 89M)
Runner from 3rd tags up, SCORES, no throw
Batting: LHB Christian Maddox 0-0: Foul Ball, location: 2F
0-1: Ball
1-1: Foul Ball, location: 2F
1-2: Ball
2-2: Ball
3-2: SINGLE (Groundball, 4S) (infield hit)
Batting: RHB Richard Bryant 0-0: Swinging Strike
0-1: Foul Ball, location: 2F
0-2: Ball
1-2: Ball
2-2: Foul Ball, location: 2F
2-2: Strikes out swinging
Bottom of the 3rd over - 1 run, 1 hit, 0 errors, 1 left on base; Newport News HS 6 - Dublin Jerome HS 3
TOP OF THE 4TH
Newport News HS Paints batting - Pitching for Dublin Jerome HS Celtics : RHP Frédéryk Santerre
Batting: RHB James Calderón 0-0: Called Strike
0-1: Ball
1-1: Ball
2-1: Foul Ball, location: 2F
2-2: Ball
3-2: Base on Balls
Batting: RHB Steve Cooper 0-0: Ball
1-0: SINGLE (Line Drive, 9LS)
James Calderón to second
Pitching: RHP Warren Rich
Batting: SHB Carlos Matos 0-0: Called Strike
0-1: Foul Ball, location: 2F
0-2: Strikes out swinging
Batting: RHB Pete Clark 0-0: Ball
1-0: Ball
2-0: Hit by Pitch
James Calderón to third
Steve Cooper to second
Pinch Runner at 1st Jorge Paredes:
Batting: SHB Augusto Guerrero 0-0: Ball
1-0: Called Strike
1-1: Swinging Strike
1-2: Strikes out swinging
Batting: LHB Juan Ángel 0-0: Foul Ball, location: 2F
0-1: Foul Ball, location: 2F
0-2: Strikes out swinging
Top of the 4th over - 0 runs, 1 hit, 0 errors, 3 left on base; Newport News HS 6 - Dublin Jerome HS 3
BOTTOM OF THE 4TH
Dublin Jerome HS Celtics batting - Pitching for Newport News HS Paints : LHP Patrick Harris
Now at 1B: Jorge Paredes
Batting: SHB Wilson Cantú 0-0: Swinging Strike
0-1: Swinging Strike
0-2: Strikes out swinging
Batting: LHB Ramón Costello 0-0: Ball
1-0: Ground out 4-3 (Groundball, 4)
Batting: LHB Fred Anderson 0-0: Ground out 6-3 (Groundball, 6)
Bottom of the 4th over - 0 runs, 0 hits, 0 errors, 0 left on base; Newport News HS 6 - Dublin Jerome HS 3
TOP OF THE 5TH
Newport News HS Paints batting - Pitching for Dublin Jerome HS Celtics : RHP Warren Rich
Batting: RHB Lee Boswell 0-0: SOLO HOME RUN (Flyball, 7LD), Distance : 346 ft
Batting: SHB Francisco Reyes 0-0: Swinging Strike
0-1: SINGLE (Groundball, 4) (infield hit)
Batting: RHB Pedro Granados 0-0: Called Strike
0-1: Ball
1-1: Fly out, F8 (Flyball, 8RM)
Batting: RHB James Calderón 0-0: Foul Ball, location: 2F
0-1: Foul Ball, location: 2F
0-2: Fly out, F8 (Flyball, 8RS)
Batting: RHB Steve Cooper 0-0: Ball
1-0: Called Strike
1-1: Called Strike
1-2: Foul Ball, location: 2F
1-2: Strikes out swinging
Top of the 5th over - 1 run, 2 hits, 0 errors, 1 left on base; Newport News HS 7 - Dublin Jerome HS 3
BOTTOM OF THE 5TH
Dublin Jerome HS Celtics batting - Pitching for Newport News HS Paints : LHP Patrick Harris
Batting: LHB David O'Neal 0-0: Ground out 4-3 (Groundball, 4)
Batting: RHB Lyndon Armstrong 0-0: Swinging Strike
0-1: Ball
1-1: Ground out 5-3 (Groundball, 56)
Batting: SHB Peter Young 0-0: Ball
1-0: Foul Ball, location: 2F
1-1: Ball
2-1: Ball
3-1: Swinging Strike
3-2: Foul Ball, location: 2F
3-2: Strikes out swinging
Bottom of the 5th over - 0 runs, 0 hits, 0 errors, 0 left on base; Newport News HS 7 - Dublin Jerome HS 3
TOP OF THE 6TH
Newport News HS Paints batting - Pitching for Dublin Jerome HS Celtics : RHP Warren Rich
Batting: SHB Carlos Matos 0-0: Ball
1-0: Called Strike
1-1: SINGLE (Line Drive, 4D)
Batting: RHB Jorge Paredes 0-0: SINGLE (Line Drive, 78S)
Carlos Matos to second
Pitching: RHP Gerardo Pérez
Batting: SHB Augusto Guerrero 0-0: Ball
1-0: Called Strike
1-1: Ball
2-1: Swinging Strike
2-2: SINGLE (Groundball, 4D)
Carlos Matos to third
Jorge Paredes to second
Runner from 3rd tries for Home, SAFE, throw made home
Batting: LHB Juan Ángel 0-0: Ball
1-0: Ball
Wild Pitch!
Jorge Paredes to third
Augusto Guerrero to second
2-0: TRIPLE (Flyball, 78XD)
Jorge Paredes scores
Augusto Guerrero scores
Batting: RHB Lee Boswell 0-0: Ball
1-0: Swinging Strike
1-1: Ground out 6-3 (Groundball, 56D)
Juan Ángel scores
Batting: SHB Francisco Reyes 0-0: Ball
1-0: Ground out 6-3 (Groundball, 6)
Batting: RHB Pedro Granados 0-0: Foul Ball, location: 2F
0-1: Foul Ball, location: 2F
0-2: Foul Ball, location: 2F
0-2: Strikes out swinging
Top of the 6th over - 4 runs, 4 hits, 0 errors, 0 left on base; Newport News HS 11 - Dublin Jerome HS 3
BOTTOM OF THE 6TH
Dublin Jerome HS Celtics batting - Pitching for Newport News HS Paints : LHP Patrick Harris
Pitching: LHP Jerry Garrett
Batting: RHB Ed Albert 0-0: Ball
1-0: Ball
2-0: Ball
3-0: Base on Balls
Batting: LHB Christian Maddox 0-0: Called Strike
0-1: Called Strike
0-2: Foul Ball, location: 2F
0-2: 2-RUN HOME RUN (Line Drive, 9D), Distance : 379 ft
Batting: RHB Richard Bryant 0-0: Fly out, F8 (Flyball, 8RD)
Batting: SHB Wilson Cantú 0-0: Foul Ball, location: 2F
0-1: Swinging Strike
0-2: Strikes out swinging
Batting: LHB Ramón Costello 0-0: Swinging Strike
0-1: Ground out 4-3 (Groundball, 4)
Bottom of the 6th over - 2 runs, 1 hit, 0 errors, 0 left on base; Newport News HS 11 - Dublin Jerome HS 5
TOP OF THE 7TH
Newport News HS Paints batting - Pitching for Dublin Jerome HS Celtics : RHP Gerardo Pérez
Batting: RHB James Calderón 0-0: Ball
1-0: Ball
2-0: Ball
3-0: Base on Balls
Batting: RHB Steve Cooper 0-0: SINGLE (Groundball, 56D)
James Calderón to second
Batting: SHB Carlos Matos 0-0: Ball
1-0: Foul Ball, location: 2F
1-1: Fly out, F7 (Flyball, 7LSF)
Batting: RHB Jorge Paredes 0-0: Ball
1-0: Foul Ball, location: 2F
1-1: Ball
2-1: Ball
3-1: Swinging Strike
3-2: Strikes out swinging
Batting: SHB Augusto Guerrero 0-0: 3-RUN HOME RUN (Flyball, 9D), Distance : 379 ft
Batting: LHB Juan Ángel 0-0: SINGLE (Groundball, 4MD)
Batting: RHB Lee Boswell 0-0: Ball
1-0: Ball
2-0: Called Strike
2-1: Ball
3-1: Base on Balls
Juan Ángel to second
Pitching: LHP Tracy Gordon
Batting: SHB Francisco Reyes 0-0: Foul Ball, location: 2F
0-1: Ball
Wild Pitch!
Juan Ángel to third
Lee Boswell to second
1-1: Ball
2-1: Foul Ball, location: 2F
2-2: Ground out 4-3 (Groundball, 4)
Top of the 7th over - 3 runs, 3 hits, 0 errors, 2 left on base; Newport News HS 14 - Dublin Jerome HS 5
BOTTOM OF THE 7TH
Dublin Jerome HS Celtics batting - Pitching for Newport News HS Paints : LHP Jerry Garrett
Batting: LHB Fred Anderson 0-0: Called Strike
0-1: Called Strike
0-2: Foul Ball, location: 2F
0-2: Strikes out swinging
Batting: LHB David O'Neal 0-0: Foul Ball, location: 2F
0-1: Swinging Strike
0-2: Ball
1-2: SINGLE (Groundball, 56S) (infield hit)
Batting: RHB Lyndon Armstrong 0-0: Called Strike
0-1: Called Strike
0-2: Ball
1-2: Foul Ball, location: 2F
1-2: Ball
2-2: Ball
3-2: Foul Ball, location: 2F
3-2: Foul Ball, location: 2F
3-2: Strikes out swinging
Batting: SHB Peter Young 0-0: Ball
1-0: Called Strike
1-1: SINGLE (Groundball, 56D)
David O'Neal to second
Batting: RHB Ed Albert 0-0: Called Strike
0-1: Fly out, F3 (Popup, 3)
Bottom of the 7th over - 0 runs, 2 hits, 0 errors, 2 left on base; Newport News HS 14 - Dublin Jerome HS 5
TOP OF THE 8TH
Newport News HS Paints batting - Pitching for Dublin Jerome HS Celtics : LHP Tracy Gordon
Batting: RHB Pedro Granados 0-0: Ball
1-0: Called Strike
1-1: Ball
2-1: Swinging Strike
2-2: Foul Ball, location: 2F
2-2: Strikes out looking
Batting: RHB James Calderón 0-0: Swinging Strike
0-1: Called Strike
0-2: Foul Ball, location: 2F
0-2: Strikes out swinging
Batting: RHB Steve Cooper 0-0: Ball
1-0: Ball
2-0: Ball
3-0: Called Strike
3-1: Foul Ball, location: 2F
3-2: Base on Balls
Batting: SHB Carlos Matos 0-0: Swinging Strike
0-1: Ball
1-1: Foul Ball, location: 2F
1-2: Ball
2-2: SINGLE (Groundball, 56) (infield hit)
Steve Cooper to second
Batting: RHB Jorge Paredes 0-0: Ball
1-0: Ball
2-0: Ball
3-0: Called Strike
3-1: Base on Balls
Steve Cooper to third
Carlos Matos to second
Batting: SHB Augusto Guerrero 0-0: Ball
1-0: Ball
2-0: Called Strike
2-1: Ball
3-1: Fly out, F9 (Flyball, 9S)
Top of the 8th over - 0 runs, 1 hit, 0 errors, 3 left on base; Newport News HS 14 - Dublin Jerome HS 5
BOTTOM OF THE 8TH
Dublin Jerome HS Celtics batting - Pitching for Newport News HS Paints : LHP Jerry Garrett
Batting: LHB Christian Maddox 0-0: Ball
1-0: Ball
2-0: Called Strike
2-1: Ground out 4-3 (Groundball, 4)
Pitching: LHP Preston Smith
Batting: RHB Richard Bryant 0-0: Foul Ball, location: 2F
0-1: Swinging Strike
0-2: Ball
1-2: Strikes out swinging
Batting: SHB Wilson Cantú 0-0: Fly out, F7 (Flyball, 7S)
Bottom of the 8th over - 0 runs, 0 hits, 0 errors, 0 left on base; Newport News HS 14 - Dublin Jerome HS 5
TOP OF THE 9TH
Newport News HS Paints batting - Pitching for Dublin Jerome HS Celtics : LHP Tracy Gordon
Batting: LHB Juan Ángel 0-0: Ball
1-0: Foul Ball, location: 2F
1-1: Ball
2-1: Ball
3-1: Ground out 5-3 (Groundball, 56S)
Batting: RHB Lee Boswell 0-0: Called Strike
0-1: Ball
1-1: Swinging Strike
1-2: Ball
2-2: Strikes out swinging
Batting: SHB Francisco Reyes 0-0: Ball
1-0: Ball
2-0: Called Strike
2-1: Ball
3-1: Base on Balls
Batting: RHB Pedro Granados 0-0: Ball
1-0: Ball
2-0: Foul Ball, location: 2F
2-1: Ball
3-1: Fly out, F9 (Flyball, 9S)
Top of the 9th over - 0 runs, 0 hits, 0 errors, 1 left on base; Newport News HS 14 - Dublin Jerome HS 5
BOTTOM OF THE 9TH
Dublin Jerome HS Celtics batting - Pitching for Newport News HS Paints : LHP Preston Smith
Batting: LHB Ramón Costello 0-0: Called Strike
0-1: Ball
1-1: Foul Ball, location: 2F
1-2: Foul Ball, location: 2F
1-2: Ball
2-2: Ball
3-2: Base on Balls
Batting: LHB Fred Anderson 0-0: Ball
1-0: Ball
2-0: Foul Ball, location: 2F
2-1: Foul Ball, location: 2F
2-2: Ball
3-2: Ground out 6-3 (Groundball, 6S)
Ramón Costello to second
Batting: LHB David O'Neal 0-0: Ball
1-0: Foul Ball, location: 2F
1-1: Ground out U3 (Groundball, 3L)
Ramón Costello to third
Batting: RHB Lyndon Armstrong 0-0: Called Strike
0-1: Ball
1-1: Ball
2-1: Ball
3-1: Foul Ball, location: 2F
3-2: Foul Ball, location: 2F
3-2: Ground out U3 (Groundball, 34S)
Bottom of the 9th over - 0 runs, 0 hits, 0 errors, 1 left on base; Newport News HS 14 - Dublin Jerome HS 5
Saturday, April 7th, 2018 - OOTP Baseball 18.8 Build 76